 Dungeon Crawl Stone Soup version 0.29.1-15-g9cfb28693d (webtiles) character file.

Game seed: 5561522576699324786

111 DemonSlayer the Digger (level 4, -2/30 HPs)
             Began as a Demonspawn Earth Elementalist on Mar 1, 2023.
             Succumbed to a killer bee's poison
             ... on level 4 of the Dungeon.
             The game lasted 00:04:25 (3430 turns).

DemonSlayer the Digger (DsEE)                       Turns: 3430, Time: 00:04:26

Health: -2/30      AC:  6    Str: 10    XL:     4   Next: 62%
Magic:  4/9        EV: 12    Int: 16    God:
Gold:   106        SH:  7    Dex: 14    Spells: 3/9 levels left

rFire   . . .      SeeInvis .   g - +0 dagger
rCold   . . .      Faith    .   h - +0 buckler
rNeg    . . .      Spirit   .   a - +0 robe
rPois   .          Reflect  .   (no helmet)
rElec   .          Harm     .   (no cloak)
rCorr   .          Rampage  .   (no gloves)
Will    .....                   (no boots)
Stlth   ++........              (no amulet)
HPRegen 0.10/turn               j - +4 ring of slaying
MPRegen 0.11/turn               (no ring)

@: lethally poisoned (-2 -> -13)
A: icemail 1, condensation shield, weakness stinger 1
a: no special abilities


You were on level 4 of the Dungeon.
You visited 1 branch of the dungeon, and saw 4 of its levels.

You collected 126 gold pieces.
You spent 20 gold pieces at shops.

Inventory:

Hand Weapons
 g - a +0 dagger (weapon)
Armour
 a - a +0 robe (worn)
 h - a +0 buckler (worn)
Jewellery
 j - a +4 ring of slaying (left hand)
Wands
 l - a wand of charming (10)
Scrolls
 d - 2 scrolls of teleportation
 e - a scroll of magic mapping {unknown}
 f - a scroll of vulnerability {unknown}
 n - a scroll of brand weapon {unknown}
 o - a scroll of blinking {unknown}
Potions
 b - 2 potions of magic
 i - 2 potions of cancellation {unknown}
 k - a potion of brilliance {unknown}
 m - a potion of lignification {unknown}


   Skills:
 + Level 0.3 Short Blades
 + Level 2.1 Dodging
 + Level 2.2 Stealth
 + Level 3.3 Spellcasting
 + Level 0.8 Transmutations
 + Level 3.5 Earth Magic


You had 3 spell levels left.
You knew the following spells:

 Your Spells              Type           Power      Damage    Failure   Level
a - Sandblast             Erth           28%        2d8       6%          1
b - Passwall              Tmut/Erth      7%         N/A       16%         2
c - Stone Arrow           Conj/Erth      16%        3d8       34%         3

Your spell library contained the following spells:

 Spells                   Type           Power      Damage    Failure   Level
 Sting                    Tmut/Pois      16%        1d3       21%         1
 Magic Dart               Conj           8%         1d3       24%         1
 Poisonous Vapours        Pois/Air       4%         N/A       36%         2
 Petrify                  Tmut/Erth      9%         N/A       69%         4
 Olgreb's Toxic Radiance  Pois           2%         N/A       94%         4
 Summon Ice Beast         Ice/Summ       2%         N/A       94%         4
 Summon Mana Viper        Hex/Summ       2%         N/A       100%        5
 Monstrous Menagerie      Summ           1%         N/A       100%        7


Dungeon Overview and Level Annotations

Branches:
Dungeon (4/15)
 Temple: D:4-7

Altars:

Shops:
D:2 *

Annotations:
D:3 3 runed translucent doors, sigtrap's ghost, weakling FoHu


Innate Abilities, Weirdness & Mutations

A meltable icy envelope protects you from harm. (AC +4)
A meltable shield of frost defends you. (SH +4)
You have a small tail.


Message History

The killer bee poisons you! The killer bee closely misses you.
You feel sick.
The blast of sand hits the killer bee.
The killer bee is lightly wounded.
You feel sick. The killer bee barely misses you. The killer bee misses you.
The blast of sand hits the killer bee!
The killer bee is severely wounded.
You feel sick. The killer bee closely misses you.
You block the killer bee's attack. The killer bee stings you.
Your magical contamination has completely faded away.
The blast of sand hits the killer bee.
The killer bee is almost dead.
You feel sick.
You are no longer poisoned.
The killer bee closely misses you.
The killer bee stings you but does no damage.
The killer bee stings you.
You are poisoned.
The killer bee poisons you!
You feel better. You block the killer bee's attack. The killer bee stings you.
Unknown command.
Okay, then.
As you read the scroll of teleportation, it crumbles to dust.
You feel strangely unstable. You block the killer bee's attack.
The killer bee misses you. The killer bee stings you.
The killer bee attacks as you move away!
The killer bee stings you but does no damage.
The killer bee stings you.
* * * LOW HITPOINT WARNING * * *
The killer bee stings you.
* * * LOW HITPOINT WARNING * * *
You are lethally poisoned!
The killer bee poisons you!
The killer bee attacks as you move away!
The killer bee stings you but does no damage.
Your surroundings suddenly seem different.
Found a knobbly emerald ring and a scroll of identify.
Found a stone staircase leading down.
You die...

##.....
#.....#
#?....+
#.....#
#.....#
#.....#
#.....#
#.@.>=+
#.....#
#.....+
#.....#
........
########.#
... ##


There were no monsters in sight!

Vanquished Creatures
  An orc wizard (D:3)
  3 adders
  A worm (D:2)
  A dart slug (D:3)
  4 orcs (D:3)
  3 bats
  3 endoplasms
  2 giant cockroaches
  5 hobgoblins
  3 quokkas (D:2)
  2 ball pythons (D:3)
  2 frilled lizards (D:2)
  7 goblins
  7 kobolds
  8 rats
52 creatures vanquished.

Vanquished Creatures (others)
  2 fungi (D:3)
  3 plants (D:3)
5 creatures vanquished.

Grand Total: 57 creatures vanquished

Notes
Turn   | Place    | Note
-------+----------+-------------------------------------------
     0 | D:1      | DemonSlayer the Demonspawn Earth Elementalist began the
                  | quest for the Orb.
     0 | D:1      | Reached XP level 1. HP: 13/13 MP: 3/3
   361 | D:1      | Gained mutation: A meltable shield of frost defends you.
                  | (SH +4) [demonic ancestry]
   361 | D:1      | Reached XP level 2. HP: 6/19 MP: 0/5
  1133 | D:1      | Learned a level 2 spell: Passwall
  1152 | D:2      | Found Vuch's General Store.
  1164 | D:2      | Bought a scroll of identify for 20 gold pieces
  1530 | D:2      | Gained mutation: You have a small tail. [demonic ancestry]
  1530 | D:2      | Reached XP level 3. HP: 17/24 MP: 1/6
  2496 | D:2      | Learned a level 3 spell: Stone Arrow
  2738 | D:3      | Found a runed translucent gate.
  2738 | D:3      | Found a runed translucent gate.
  2738 | D:3      | Found a runed translucent gate.
  2767 | D:3      | Gained mutation: A meltable icy envelope protects you from
                  | harm. (AC +4) [demonic ancestry]
  2767 | D:3      | Reached XP level 4. HP: 27/30 MP: 4/8
  3027 | D:3      | Found a faded altar of an unknown god.
  3034 | D:3      | Got Plato's Volume of Arcane Weapons
  3145 | D:3      | Noticed a kobold brigand
  3145 | D:3      | Noticed sigtrap's ghost (weakling FoHu)
  3429 | D:4      | HP: 1/30 [killer bee (5)]
  3430 | D:4      | Succumbed to a killer bee's poison

Illustrated notes

Levels and vault maps discovered:
D:1:      minmay_arrival_open_corners, layout_loops_ring,
          minmay_misc_feat_alley, minmay_misc_feat_room, st_stairs_7,
          minmay_curled_crystal
D:2:      kennysheep_big_flooded_room, layout_basic, serial_shops,
          nicolae_shop_hallway_stairs
D:3:      layout_rooms, shapermc_ecumenical_altar_rom_forum,
          gammafunk_ghost_nasty_kobolds, minivault_5
D:4:      layout_basic, uniq_menkaure, uniq_pikel

Skill      XL: |  1  2  3 |
---------------+----------+-----
Dodging        | 2 |  2.1
Earth Magic    | 3 |  3.5
Stealth        | 2 |  2.2
Spellcasting   | 3 |  3.3
Short Blades   | |  0.3
Transmutations | |  0.8

Action                   |  1- 3 |  4- 6 || total
-------------------------+-------+-------++-------
Melee: Short sword       |     4 |       ||     4
       Unarmed           |     1 |       ||     1
       Dagger            |    16 |     5 ||    21
       Tailslap          |     1 |       ||     1
 Cast: Sandblast         |    61 |    16 ||    77
  Use: Scroll            |     2 |     1 ||     3
       Potion            |       |     2 ||     2
 Stab: Sleeping          |     4 |     1 ||     5
Armor: Robe              |     9 |     8 ||    17
Dodge: Dodged            |    14 |    11 ||    25
Block: Other             |     4 |       ||     4
       Buckler           |     6 |     8 ||    14
